 Dungeon Crawl Stone Soup version 0.27-a0-1232-gc6a4cbde82 (webtiles) character file.

Game seed: 9871213861546624349

4333 Strat the Reanimator (level 10, -13/83 HPs)
             Began as a Mummy Necromancer on June 8, 2021.
             Was an Initiate of Gozag.
             Mangled by a shadow (26 damage)
             ... on level 10 of the Dungeon.
             The game lasted 00:34:19 (13896 turns).

Strat the Reanimator (Mummy Necromancer)           Turns: 13896, Time: 00:34:20

Health: -13/83     AC: 11    Str: 12    XL:     10   Next: 12%
Magic:  17/17      EV: 11    Int: 22    God:    Gozag
Gold:   892        SH:  0    Dex: 12    Spells: 1/19 levels left

rFire    + . .     SeeInvis .   b - +0 dagger (elec)
rCold    + . .     Faith    .   (no shield)
rNeg     + + +     Spirit   .   u - +2 leather armour "Vumuffuni" {rF++}
rPois    ∞         Reflect  .   k - +0 helmet
rElec    .         Harm     .   v - +0 cloak
rCorr    .         Rampage  .   (no gloves)
Will     +....                  (no boots)
Stlth    ++........             d - amulet "Yjifroxiot" {Acrobat Int+4}
HPRegen  0.23/turn              i - +4 ring of protection
MPRegen  0.15/turn              (no ring)

@: about to teleport
A: cold resistance 1, negative energy resistance 3, torment resistance 2, heat
vulnerability 1, no potions
a: Renounce Religion, Potion Petition, Call Merchant, Bribe Branch


You were on level 10 of the Dungeon.
You worshipped Gozag.
Gozag was pleased with you.
You visited 2 branches of the dungeon, and saw 11 of its levels.

You collected 1033 gold pieces.
You paid 141 gold pieces to Gozag.

Inventory:

Hand Weapons
 b - a +0 dagger of electrocution (weapon)
 z - a +5 dagger
Missiles
 c - 8 silver boomerangs
 f - 66 sling bullets
 h - 39 poisoned darts
 n - 427 stones
 x - a curare-tipped dart
Armour
 g - a +0 robe
 k - a +0 helmet (worn)
 r - a scarf of shadows
 t - a +0 buckler
 u - the +2 leather armour "Vumuffuni" (worn) {rF++}
   (You took it off an orc on level 6 of the Dungeon)

   It greatly protects you from fire.
 v - a +0 cloak (worn)
Jewellery
 d - the amulet "Yjifroxiot" (around neck) {Acrobat Int+4}
   (You acquired it on level 3 of the Dungeon)

   [amulet of the acrobat]

   It increases your evasion while moving and waiting.
   It affects your intelligence (+4).
 i - a +4 ring of protection (left hand)
Wands
 m - a wand of polymorph (13)
 s - a wand of flame (20)
Scrolls
 a - 2 scrolls of identify
 e - 2 scrolls of teleportation
 j - 2 scrolls of fog
 l - 3 scrolls of amnesia
 o - 2 scrolls of enchant weapon
 p - 2 scrolls of noise
 q - 6 scrolls of magic mapping
 w - a scroll of immolation {unknown}
 y - a scroll of torment {unknown}


   Skills:
 + Level 9.3 Fighting
 - Level 4.0 Armour
 - Level 1.5 Dodging
 - Level 2.0 Stealth
 - Level 5.0 Spellcasting
 - Level 10.0 Necromancy
 - Level 2.0 Poison Magic


You had one spell level left.
You knew the following spells:

 Your Spells              Type           Power      Damage    Failure   Level
a - Pain                  Necr           100%       1d9       1%          1
b - Animate Skeleton      Necr           98%        N/A       1%          1
c - Vampiric Draining     Necr           24%        2d9       1%          3
d - Animate Dead          Necr           24%        N/A       1%          4
e - Apportation           Tloc           10%        N/A       13%         1
f - Agony                 Necr           49%        N/A       6%          5
g - Mephitic Cloud        Conj/Pois/Air  8%         N/A       30%         3

Your spell library contained the following spells:

 Spells                   Type           Power      Damage    Failure   Level
 Sting                    Tmut/Pois      36%        1d4       9%          1
 Corona                   Hex            5%         N/A       13%         1
 Freeze                   Ice            20%        1d4       13%         1
 Summon Small Mammal      Summ           20%        N/A       13%         1
 Poisonous Vapours        Pois/Air       18%        N/A       13%         2
 Ignite Poison            Fire/Tmut/Pois 8%         N/A       30%         3
 Frozen Ramparts          Ice            10%        1d3       36%         3
 Lesser Beckoning         Tloc           2%         N/A       36%         3
 Ozocubu's Armour         Ice            5%         N/A       36%         3
 Tukima's Dance           Hex            5%         N/A       36%         3
 Olgreb's Toxic Radiance  Pois           14%        N/A       50%         4
 Hailstorm                Conj/Ice       5%         3d4       77%         4
 Alistair's Intoxication  Tmut/Pois      6%         N/A       93%         5
 Metabolic Englaciation   Hex/Ice        2%         N/A       98%         5
 Invisibility             Hex            2%         N/A       100%        6


Dungeon Overview and Level Annotations

Branches:
Dungeon (10/15)            Temple (1/1) D:7
   Lair: D:8-11         Orc: D:9-12

Altars:
Ashenzari
Dithmenos
Elyvilon
Fedhas
Gozag
Hepliaklqana
Nemelex Xobeh
Okawaru
Ru
Sif Muna
Trog
Uskayaw

Shops:
D:5 *   D:6 =

Annotations:
D:3 Grinder
D:4 3 runed translucent doors, Crazy Yiuf, Eustachio
D:8 Joseph


Innate Abilities, Weirdness & Mutations

You are immune to poison.
Your flesh is cold resistant. (rC+)
You are immune to negative energy. (rN+++)
You are immune to unholy pain and torment.
You are vulnerable to heat. (rF-)
You do not drink.


Message History

The shadow is almost destroyed.
The shadow slips into darkness.
The shadow flickers and vanishes!
Deactivating autopickup; reactivate with Ctrl-A.
You closely miss something.
The shadow strikes at you from the darkness!
Reactivating autopickup.
You hit the shadow.
The shadow is almost destroyed.
The shadow closely misses you.
You hit the shadow but do no damage.
The shadow is almost destroyed.
The shadow hits you.
* * * LOW HITPOINT WARNING * * *
You closely miss the shadow.
The shadow is almost destroyed.
The shadow slips into darkness.
The shadow flickers and vanishes!
Deactivating autopickup; reactivate with Ctrl-A.
You miss something.
The shadow strikes at you from the darkness!
* * * LOW HITPOINT WARNING * * *
Reactivating autopickup.
You closely miss the shadow.
The shadow is almost destroyed.
The shadow hits you!
* * * LOW HITPOINT WARNING * * *
You barely miss the shadow.
The shadow is almost destroyed.
The shadow slips into darkness.
The shadow flickers and vanishes!
Deactivating autopickup; reactivate with Ctrl-A.
You can't drink.
Okay, then.
Okay, then.
As you read the scroll of teleportation, it crumbles to dust.
You feel strangely unstable.
The shadow strikes at you from the darkness!
You die...
Your body crumbles into a pile of gold.

########### #.........#
#.........# #.........#####
####.......... ..#
#######.........######.###.###
..............[@.....!.......
#.............###.##.#....##
###.............###.##.# ...#
.......###.##.......##.# ..#
......<................. ..>
........##.#............ ..
..........(<............# #
........#....!.).........
...##...#................


There were no monsters in sight!

Vanquished Creatures
  A two-headed ogre (D:9)
  A water moccasin (D:7)
  An orc warrior (D:5)
  An ice beast (D:7)
  2 black bears
  2 ogres
  A necrophage (D:5)
  3 centaurs
  A kobold brigand (D:9)
  A phantom (D:5)
  A gnoll sergeant (D:5)
  2 scorpions (D:5)
  2 wyvern skeletons
  12 killer bees
  17 wights
  A howler monkey (D:8)
  2 jellies (D:6)
  A centaur zombie (D:5)
  3 hounds
  3 orc priests
  A centaur skeleton (D:6)
  A gnoll shaman (D:7)
  2 iguanas
  11 orc wizards
  A hound skeleton (D:3)
  A howler monkey zombie (D:9)
  16 gnolls
  A howler monkey skeleton (D:6)
  5 adders
  A shadow imp (D:5)
  2 white imps
  An ufetubus (D:6)
  4 worms
  2 dart slugs (D:3)
  20 orcs
  9 endoplasms
  10 giant cockroaches
  15 goblins
  9 hobgoblins
  7 jackals
  12 kobolds
  4 quokkas
  12 ball pythons
  3 bats
  3 frilled lizards
  3 rats
214 creatures vanquished.

Vanquished Creatures (collateral kills)
  A quokka (D:2)
1 creature vanquished.

Vanquished Creatures (others)
  2 fungi (D:4)
2 creatures vanquished.

Grand Total: 217 creatures vanquished

Notes
Turn   | Place    | Note
-------+----------+-------------------------------------------
     0 | D:1      | Strat the Mummy Necromancer began the quest for the Orb.
     0 | D:1      | Reached XP level 1. HP: 13/13 MP: 4/4
   279 | D:1      | Reached XP level 2. HP: 19/19 MP: 1/5
   324 | D:1      | Learned a level 1 spell: Animate Skeleton
  1084 | D:1      | Reached XP level 3. HP: 23/24 MP: 3/7
  1154 | D:1      | Found a faded altar of an unknown god.
  1827 | D:2      | Learned a level 3 spell: Vampiric Draining
  1869 | D:2      | Found an iron altar of Okawaru.
  2312 | D:2      | Reached skill level 5 in Necromancy
  2695 | D:3      | Reached XP level 4. HP: 28/30 MP: 2/10
  2760 | D:3      | Learned a level 4 spell: Animate Dead
  2762 | D:3      | Learned a level 1 spell: Apportation
  3231 | D:3      | Identified a scroll of acquirement
  3231 | D:3      | Acquired the amulet "Yjifroxiot" {Acrobat Int+4}
  3366 | D:3      | Noticed Grinder
  3720 | D:3      | Reached XP level 5. HP: 35/35 MP: 11/11
  3890 | D:4      | Noticed Eustachio
  4100 | D:3      | Reached skill level 6 in Necromancy
  5030 | D:3      | Reached XP level 6. HP: 39/41 MP: 9/13
  5313 | D:4      | Reached skill level 5 in Spellcasting
  5339 | D:4      | Learned a level 5 spell: Agony
  5373 | D:4      | Found a large runed translucent door.
  5374 | D:4      | Found a large runed translucent door.
  5585 | D:4      | Found a runed translucent door.
  5586 | D:4      | Noticed Crazy Yiuf
  5970 | D:5      | Entered Level 5 of the Dungeon
  6116 | D:5      | Noticed an orc warrior
  6147 | D:5      | Reached skill level 1 in Fighting
  6290 | D:5      | Killed an orc warrior
  6291 | D:5      | Reached skill level 7 in Necromancy
  6491 | D:5      | Reached XP level 7. HP: 51/51 MP: 14/14
  6534 | D:5      | Noticed a yak
  6534 | D:5      | Noticed a yak
  6534 | D:5      | Noticed a yak
  6869 | D:5      | Reached skill level 8 in Necromancy
  7002 | D:5      | Found an iron altar of Okawaru.
  7004 | D:5      | Found a shadowy altar of Dithmenos.
  7014 | D:5      | Reached XP level 8. HP: 60/61 MP: 15/15
  7098 | D:5      | Found Banizoc's General Store.
  7234 | D:5      | Reached skill level 5 in Fighting
  8101 | D:6      | Reached skill level 9 in Necromancy
  8425 | D:6      | Found a blossoming altar of Fedhas.
  8746 | D:6      | Identified the +2 leather armour "Vumuffuni" {rF++}
  8980 | D:6      | Found Maat's Jewellery Boutique.
  9311 | D:7      | Found a staircase to the Ecumenical Temple.
  9358 | D:7      | Reached skill level 1 in Armour
  9385 | Temple   | Entered the Ecumenical Temple
  9522 | Temple   | Became a worshipper of Gozag Ym Sagoz the Greedy
  9558 | D:7      | Reached skill level 10 in Necromancy
  9638 | D:7      | Reached XP level 9. HP: 42/68 MP: 9/16
  9944 | D:7      | Learned a level 3 spell: Mephitic Cloud
 10129 | D:7      | Found a shimmering blue altar of Sif Muna.
 10528 | D:8      | Reached skill level 1 in Poison Magic
 10607 | D:8      | Noticed Joseph
 12033 | D:9      | Noticed a two-headed ogre
 12044 | D:9      | Killed a two-headed ogre
 12913 | D:9      | Reached XP level 10. HP: 60/82 MP: 17/17
 13829 | D:10     | Entered Level 10 of the Dungeon
 13896 | D:10     | Mangled by a shadow

Illustrated notes

Levels and vault maps discovered:
D:1:      dpeg_arrival_morbid_curiosity, layout_basic,
          chequers_ecumenical_altar_island, st_stairs_11, minivault_14,
          minmay_pentomino_q2
D:2:      layout_basic, basic_altar, minivault_11, serial_park_tiny_1,
          bh_walls_and_bars
D:3:      minmay_roachtagon, layout_loops_ring, chequers_jeans, uniq_grinder
D:4:      layout_rooms, jmf_multi_god_temple2, serial_rivers,
          chequers_serial_rivers_micro_e, chequers_serial_rivers_micro_c,
          chequers_serial_rivers_micro_d, chequers_serial_rivers_room_a,
          chequers_serial_rivers_micro_c, uniq_eustachio,
          uniq_crazy_yiuf_cottage
D:5:      layout_basic, jmf_multi_god_temple, serial_shops, shop
D:6:      layout_basic, amcnicky_altar_gilded, serial_shops, shop
D:7:      layout_loops_cross, kennysheep_little_box,
          minmay_temple_entry_slanted, st_stairs_3
D:8:      layout_loops_ring, lightli_bailey_entry_fortress, uniq_joseph
D:9:      layout_loops_ring
D:10:     minmay_the_grid_square_5x5_4x4
          [minmay_the_grid_square_5x5_broken_cross,
          minmay_the_grid_square_5x5_hourglass,
          minmay_the_grid_square_5x5_three_walls,
          minmay_the_grid_square_5x5_fancy_junction,
          minmay_the_grid_square_5x5_doubleslash,
          minmay_the_grid_square_5x5_prize_waves,
          minmay_the_grid_square_5x5_prize_deathbox,
          minmay_the_grid_square_5x5_empty, minmay_the_grid_square_5x5_three,
          minmay_the_grid_square_5x5_prize_gold,
          minmay_the_grid_square_5x5_prize_open,
          minmay_the_grid_square_5x5_shrine2,
          minmay_the_grid_square_5x5_tetrominoes,
          minmay_the_grid_square_5x5_eight,
          minmay_the_grid_square_5x5_pentomino_r,
          minmay_the_grid_square_5x5_misaligned], layout_basic,
          kennysheep_doodads, corexii_corridor_pit, uniq_erolcha, uniq_fannar
Temple:   regret_index_temple_sphere_string

Skill      XL: |  1  2  3  4  5  6  7  8  9 10 |
---------------+-------------------------------+-----
Spellcasting   | 3 4 5 |  5.0
Necromancy     | 5 6 7 8 10 | 10.0
Fighting       | 2 4 5 8 9 |  9.3
Stealth        | 2 |  2.0
Armour         | 3 4 |  4.0
Poison Magic   | 2 |  2.0
Dodging        | |  1.5

Action                   |  1- 3 |  4- 6 |  7- 9 | 10-12 || total
-------------------------+-------+-------+-------+-------++-------
Melee: Short sword       |    43 |    57 |       |       ||   100
       Dagger            |       |    26 |   392 |    77 ||   495
 Cast: Pain              |    76 |    94 |    72 |       ||   242
       Animate Skeleton  |     8 |     1 |       |       ||     9
       Vampiric Draining |       |     5 |    13 |     2 ||    20
       Agony             |       |     1 |     3 |       ||     4
       Animate Dead      |       |     1 |     1 |       ||     2
       Mephitic Cloud    |       |       |       |     1 ||     1
  Use: Scroll            |     1 |     8 |     2 |     1 ||    12
 Stab: Sleeping          |     2 |       |     5 |       ||     7
       Distracted        |       |       |     1 |       ||     1
       Confused          |       |       |       |     2 ||     2
Armor: Robe              |    15 |    44 |    61 |       ||   120
       Leather armour    |       |       |   118 |    41 ||   159
Dodge: Dodged            |    42 |    97 |   278 |    45 ||   462

Table legend: (Time is in decaauts)
 A = Elapsed time spent in this place.
 B = Non-inter-level travel time spent in this place.
 C = Inter-level travel time spent in this place.
 D = Time resting spent in this place.
 E = Time spent auto-exploring this place.
 F = Levels seen in this place.
 G = Mean time per level.
                   A        B        C        D        E       F      G
               +--------+--------+--------+--------+--------+-----+--------+
         Total |  13978 |  13361 |    617 |   4032 |   6115 |  11 | 1270.7 |
       Dungeon |  13827 |  13222 |    605 |   3951 |   6084 |  10 | 1382.7 |
        Temple |    150 |    138 |     12 |     81 |     31 |   1 |  150.0 |
               +--------+--------+--------+--------+--------+-----+--------+

Top non-repeatable levels by time:
     D:3: 2386 daAuts
     D:9: 1961 daAuts
     D:6: 1643 daAuts
     D:1: 1555 daAuts
     D:8: 1511 daAuts
     D:5: 1365 daAuts
     D:2: 1243 daAuts
     D:4: 1150 daAuts
     D:7: 943 daAuts
  Temple: 150 daAuts
    D:10: 66 daAuts
